 Dungeon Crawl Stone Soup version bcrawl-1.24.2 (webtiles) character file.

Game seed: 17169421659699409347

352 wazuzu the Stinger (level 6, -1/45 HPs)
             Began as an Oni Wizard on June 20, 2020.
             Slain by a hippogriff (3 damage)
             ... on level 3 of the Dungeon.
             The game lasted 00:06:19 (2553 turns).

wazuzu the Stinger (Oni Wizard)                     Turns: 2553, Time: 00:06:20

Health: -1/45      AC:  5    Str: 10    XL:     6   Next: 61%
Magic:  9/15       EV: 10    Int: 22    God:
Gold:   232        SH:  0    Dex:  9    Spells: 13/15 levels left

rFire    . . .     SeeInvis .   a - +0 staff
rCold    . . .     Gourm    .   (no shield)
rNeg     . . .     Faith    .   m - +0 ring mail
rPois    .         Spirit   .   c - +0 hat
rElec    .         Reflect  .   (no cloak)
rCorr    .         Harm     .   (no gloves)
MR       .....                  (no boots)
Stlth    +.........             (no amulet)
HPRegen  0.15/turn              (no ring)
MPRegen  0.14/turn              (no ring)

@: no status effects
A: oni magic, claws 1, fangs 1, horns 1
a: no special abilities


You were on level 3 of the Dungeon.
You were not hungry.

You visited 1 branch of the dungeon, and saw 3 of its levels.

You collected 232 gold pieces.


Innate Abilities, Weirdness & Mutations

You learn spells by gaining experience, not through books or religion.
You only train spellcasting to practice magic.
You have sharp fingernails.
You have very sharp teeth.
You have a pair of small horns on your head.


   Skills:
 - Level 1.7 Dodging
 - Level 1.7 Stealth
 + Level 5.1 Spellcasting
   Level 5.1 Conjurations
   Level 5.1 Hexes
   Level 5.1 Charms
   Level 5.1 Summonings
   Level 5.1 Necromancy
   Level 5.1 Translocations
   Level 5.1 Transmutations
   Level 5.1 Fire Magic
   Level 5.1 Ice Magic
   Level 5.1 Air Magic
   Level 5.1 Earth Magic
   Level 5.1 Poison Magic


You had 13 spell levels left.
You knew the following spells:

 Your Spells              Type           Power        Failure   Level  Hunger
a - Magic Dart            Conj           ####         2%          1    None
z - Sting                 Conj/Pois      ####         3%          1    None

Your spell library contained the following spells:

 Spells                   Type           Power        Failure   Level  Hunger
 Blink                    Tloc           N/A          3%          2    None
 Call Imp                 Summ           ####..       3%          2    None
 Flaming Arrows           Chrm/Fire      ####....     4%          2    None
 Conjure Flame            Conj/Fire      ####....     10%         3    ##.....
 Dazzling Orbs            Conj/Hex       ####...      10%         3    ##.....
 Spider Form              Tmut/Pois      ###          10%         3    ##.....
 Mephitic Cloud           Conj/Pois/Air  ####....     11%         3    ##.....


Dungeon Overview and Level Annotations

Branches:
Dungeon (3/12)

Altars:
Zin

Inventory:

Hand Weapons
 a - a +0 staff (weapon)
Armour
 c - a +0 hat (worn)
 m - a +0 ring mail (worn)
Jewellery
 j - the ring "Ajotami" {Ice +Fly rElec Str-3}
   (You found it on level 1 of the Dungeon)

   [ring of ice]

   It enhances your ice magic.
   It affects your strength (-3).
   It makes you vulnerable to fire.
   It protects you from cold.
   It insulates you from electricity.
   It lets you fly.
Scrolls
 g - 2 scrolls of remove curse {unknown}
 h - 9 scrolls of identify {unknown}
 l - 2 scrolls of amnesia {unknown}
 o - 2 scrolls of teleportation {unknown}
 u - 2 scrolls of enchant weapon {unknown}
 v - a scroll of blinking {unknown}
Potions
 f - a potion of brilliance
 i - a potion of might {unknown}
 k - a potion of agility {unknown}
 q - a potion of magic {unknown}
 r - a potion of curing {unknown}
 s - a potion of flight {unknown}
 t - a potion of cancellation {unknown}
Comestibles
 e - 8 rations {!d}
 w - a chunk of flesh {@w1}

### ..# #.####
.....########
#.......%...#########
#.##.######....H@...#
#.##.# #..######.#
#.##.# #..# .....#
#..# ..#### #..# #.#
#..###### #.#
#.......#.# #)#
##.###....# ..#
#.##.#.#.#


You could see a hippogriff.


Message History

Aim: an adder (almost dead, poisoned)
The sting hits the adder.
The adder looks more poisoned.
You kill the adder!
No target in view!
You see here an adder corpse.
A hippogriff comes into view.
You have encountered a dangerous foe!
Casting: Sting (safe; 3% risk of failure)
Aiming: Sting (safe; 3% risk of failure)
Aim: a hippogriff The sting hits the hippogriff.
The hippogriff is poisoned.
The hippogriff is lightly wounded.
Casting: Sting (safe; 3% risk of failure)
Aiming: Sting (safe; 3% risk of failure)
Aim: a hippogriff (lightly wounded, poisoned)
The sting hits the hippogriff.
The hippogriff looks more poisoned.
The hippogriff is moderately wounded.
The hippogriff bites you! The hippogriff pecks you.
The hippogriff barely misses you.
Casting: Sting (safe; 3% risk of failure)
Aiming: Sting (safe; 3% risk of failure)
Aim: a hippogriff (moderately wounded, poisoned)
The sting hits the hippogriff.
The hippogriff looks more poisoned.
The hippogriff is moderately wounded.
The hippogriff bites you but does no damage.
The hippogriff pecks you! The hippogriff claws you.
* * * LOW HITPOINT WARNING * * *
Casting: Sting (safe; 3% risk of failure)
Aiming: Sting (safe; 3% risk of failure)
Aim: a hippogriff (moderately wounded, poisoned)
The sting hits the hippogriff.
The hippogriff looks more poisoned.
The hippogriff is moderately wounded.
The hippogriff bites you.
* * * LOW HITPOINT WARNING * * *
The hippogriff pecks you.
* * * LOW HITPOINT WARNING * * *
The hippogriff claws you but does no damage.
No path to travel!
Casting: Sting (safe; 3% risk of failure)
Aiming: Sting (safe; 3% risk of failure)
Aim: a hippogriff (severely wounded, poisoned)
The sting hits the hippogriff.
The hippogriff looks more poisoned.
The hippogriff is severely wounded.
The hippogriff misses you.
The hippogriff pecks you but does no damage.
The hippogriff barely misses you.
Casting: Sting (safe; 3% risk of failure)
Aiming: Sting (safe; 3% risk of failure)
Aim: a hippogriff (severely wounded, poisoned)
The sting misses the hippogriff.
The hippogriff misses you.
The hippogriff pecks you but does no damage.
The hippogriff claws you.
* * * LOW HITPOINT WARNING * * *
Casting: Sting (safe; 3% risk of failure)
Aiming: Sting (safe; 3% risk of failure)
Aim: a hippogriff (severely wounded, poisoned)
The sting hits the hippogriff but does no damage.
The hippogriff is severely wounded.
The hippogriff bites you but does no damage.
The hippogriff closely misses you. The hippogriff claws you.
* * * LOW HITPOINT WARNING * * *
Casting: Sting (safe; 3% risk of failure)
Aiming: Sting (safe; 3% risk of failure)
Aim: a hippogriff (severely wounded, poisoned)
The sting hits the hippogriff.
The hippogriff looks more poisoned.
The hippogriff is almost dead.
The hippogriff closely misses you. The hippogriff pecks you.
* * * LOW HITPOINT WARNING * * *
The hippogriff claws you.
You die...

Action                   |  1- 3 |  4- 6 || total
-------------------------+-------+-------++-------
 Cast: Magic Dart        |    46 |    26 ||    72
       Sting             |     7 |   116 ||   123
  Eat: Chunk             |       |     5 ||     5
Armor: Ring mail         |       |    19 ||    19
       Animal skin       |       |     1 ||     1
Dodge: Dodged            |     3 |    32 ||    35

Levels and vault maps discovered:
D:1:      lightli_arrival_maybe_door_vault, layout_loops_ring
D:2:      layout_loops_ring, zin_angel, first_ration, kennysheep_generic_room_7
D:3:      layout_loops_ring

Notes
Turn   | Place    | Note
-------+----------+-------------------------------------------
     0 | D:1      | wazuzu the Oni Wizard began the quest for the Orb.
     0 | D:1      | Reached XP level 1. HP: 14/14 MP: 5/5
   144 | D:1      | Reached XP level 2. HP: 20/20 MP: 4/7
   687 | D:1      | Got an ancient wooden ring
   692 | D:1      | Identified the ring "Ajotami" {Ice +Fly rElec Str-3} (You
                  | found it on level 1 of the Dungeon)
   743 | D:1      | Reached XP level 3. HP: 26/26 MP: 7/9
   778 | D:1      | Reached skill level 3 in Spellcasting
   835 | D:2      | Noticed a scorpion
   839 | D:2      | Learned a level 1 spell: Sting
   850 | D:2      | Killed a scorpion
   850 | D:2      | Reached XP level 4. HP: 28/33 MP: 3/11
  1282 | D:2      | Noticed an angel
  1283 | D:2      | Found a glowing silver altar of Zin.
  1319 | D:2      | HP: 2/33 [bullfrog skeleton (7)]
  1320 | D:2      | Reached XP level 5. HP: 3/38 MP: 0/12
  1537 | D:2      | Reached skill level 4 in Spellcasting
  2260 | D:3      | Reached XP level 6. HP: 20/45 MP: 8/15
  2267 | D:3      | HP: 11/45 [something (2)]
  2441 | D:3      | Reached skill level 5 in Spellcasting
  2533 | D:3      | Noticed a hippogriff
  2537 | D:3      | HP: 11/45 [hippogriff (6)]
  2551 | D:3      | HP: 7/45 [hippogriff (6)]
  2552 | D:3      | HP: 3/45 [hippogriff (4)]
  2553 | D:3      | Slain by a hippogriff

Vanquished Creatures
  A scorpion (D:2)
  A bullfrog zombie (D:3)
  3 orc priests (D:3)
  A bullfrog skeleton (D:2)
  2 orc wizards (D:3)
  2 adders
  A worm (D:3)
  A dart slug (D:2)
  4 leopard geckos
  9 orcs
  7 giant cockroaches
  6 goblins
  7 hobgoblins
  A quokka (D:3)
  A ball python (D:3)
  5 bats (D:1)
  4 frilled lizards
  7 kobolds
  9 rats
72 creatures vanquished.
